 Dungeon Crawl Stone Soup version 0.19.1-1-g22dce08 (webtiles) character file.

80 RedPan the Insei (level 4, -8/35 HPs)
             Began as a Human Monk on Dec 29, 2016.
             Killed by divine providence
             ... invoked by an orc priest
              (14 damage)
             ... on level 3 of the Dungeon.
             The game lasted 00:07:11 (3328 turns).

RedPan the Insei (Human Monk)                       Turns: 3328, Time: 00:07:12

Health: -8/35      AC:  5    Str: 15    XL:     4   Next: 65%
Magic:  4/4        EV: 14    Int: 11    God:
Gold:   126        SH:  6    Dex: 15    Spells: 0 memorised, 3 levels left

rFire  . . .     SeeInvis .       - Unarmed
rCold  . . .     Gourm    .     a - +1 robe
rNeg   . . .     Faith    .     (no shield)
rPois  .         Spirit   .     (no helmet)
rElec  .         Reflect  +     (no cloak)
rCorr  .         Harm     .     (no gloves)
MR     .....                    g - +1 pair of boots
Stlth  ++........               m - +6 amulet of reflection
                                (no ring)
                                l - +3 ring of strength

@: no status effects
A: no striking features
a: no special abilities


You were on level 3 of the Dungeon.
You were not hungry.

You visited 1 branch of the dungeon, and saw 3 of its levels.

You collected 126 gold pieces.

Inventory:

Armour
 a - a +1 robe (worn)
 g - a +1 pair of boots (worn)
Jewellery
 l - a +3 ring of strength (left hand)
 m - a +6 amulet of reflection (around neck)
Scrolls
 c - a scroll of teleportation {unknown}
 e - a scroll of remove curse
Potions
 d - a potion of cancellation
 i - a potion of ambrosia
 k - a potion of magic {unknown}
 o - a potion of brilliance
 p - a potion of curing {unknown}
Comestibles
 b - a bread ration
 f - 7 chunks of flesh


   Skills:
 - Level 3.2 Fighting
 - Level 3.4 Dodging
 - Level 2.1 Stealth
 + Level 4.5 Unarmed Combat


You had 3 spell levels left.
You didn't know any spells.

Dungeon Overview and Level Annotations

Branches:
Dungeon (3/15)

Altars:
Dithmenos
Okawaru


Message History

The orc shouts! x2
You hit the orc priest.
The orc priest is moderately wounded.
The orc priest hits you but does no damage.
The orc priest shouts!
You hit the orc priest.
The orc priest is heavily wounded.
The orc priest hits you with a mace.
You hit the orc priest.
The orc priest is severely wounded.
The orc priest calls down the wrath of Beogh upon you.
Beogh smites you! The orc priest barely misses you.
The orc priest mumbles some strange prayers to Beogh against you.
Beogh smites you!
* * * LOW HITPOINT WARNING * * *
You hear a shout!
You see here a club.
The orc priest invokes the aid of Beogh against you.
Beogh smites you!
You die...

##.# ##. .... .. .#..#
#.# ########### #_#..#..
#.........# .#.....
#.........# ....#.#
#.........#
.....o########...<.....#
..##....)oJ.oo.o@......#
#..#..#######..........#
...#...(.###...).......#
..........##.#.........#
.............#........>#
...........###.........#
...........#############
...).................#
.....................#


You could see an orc priest, an ooze and 3 orcs.

Vanquished Creatures
  A gnoll (D:3)
  An adder (D:2)
  An ooze (D:2)
  2 worms
  A dart slug (D:1)
  2 leopard geckos (D:1)
  2 orcs (D:2)
  A ball python (D:3)
  2 giant cockroaches (D:2)
  3 goblins
  5 hobgoblins
  A jackal (D:2)
  6 bats (D:1)
  3 frilled lizards (D:1)
  9 kobolds
  10 rats
50 creatures vanquished.

Notes
Turn   | Place    | Note
-------+----------+-------------------------------------------
     0 | D:1      | RedPan the Human Monk began the quest for the Orb.
     0 | D:1      | Reached XP level 1. HP: 18/18 MP: 1/1
   149 | D:1      | Reached XP level 2. HP: 22/24 MP: 2/2
  1321 | D:1      | Reached XP level 3. HP: 14/29 MP: 3/3
  2052 | D:2      | Found a shadowy altar of Dithmenos.
  2352 | D:2      | Reached skill level 4 in Unarmed Combat
  2352 | D:2      | Reached XP level 4. HP: 30/35 MP: 4/4
  3295 | D:3      | Found an iron altar of Okawaru.
  3328 | D:3      | Killed from afar by an orc priest

Skill      XL: |  1  2  3 |
---------------+----------+-----
Unarmed Combat | 4 |  4.5
Fighting       | |  3.2
Dodging        | |  3.4
Stealth        | |  2.1

Action                   |  1- 3 |  4- 6 || total
-------------------------+-------+-------++-------
Melee: Unarmed           |   154 |    63 ||   217
       Punch             |     4 |     1 ||     5
  Use: Scroll            |       |     8 ||     8
       Potion            |       |     1 ||     1
 Stab: Sleeping          |     4 |       ||     4
       Distracted        |       |     1 ||     1
  Eat: Chunk             |     2 |     2 ||     4
       Pizza             |     1 |       ||     1
       Royal jelly       |       |     1 ||     1
Armor: Robe              |    17 |     8 ||    25
Dodge: Dodged            |    88 |    20 ||   108
Block: Other             |       |    14 ||    14
